 Dungeon Crawl Stone Soup version 0.27.1-3-gb3d3a73c9e (webtiles) character file.

Game seed: 7897253523954752379

207 omarspendo the Chopper (level 5, -3/46 HPs)
             Began as a Hill Orc Fighter on Oct 21, 2021.
             Slain by a gnoll (6 damage)
             ... on level 4 of the Dungeon.
             The game lasted 00:15:59 (5146 turns).

omarspendo the Chopper (Hill Orc Fighter)           Turns: 5146, Time: 00:16:00

Health: -3/46      AC:  7    Str: 19    XL:     5   Next: 85%
Magic:  5/5        EV:  7    Int:  8    God:
Gold:   171        SH:  9    Dex: 11    Spells: 4/4 levels left

rFire    . . .     SeeInvis .   a - +0 war axe
rCold    . . .     Faith    .   c - +0 kite shield
rNeg     . . .     Spirit   .   b - +0 scale mail
rPois    .         Reflect  .   (no helmet)
rElec    .         Harm     .   (no cloak)
rCorr    .         Rampage  .   (no gloves)
Will     .....                  (no boots)
Stlth    ..........             i - amulet of magic regeneration
HPRegen  0.15/turn              (no ring)
MPRegen  0.34/turn              (no ring)

@: no status effects
A: no striking features
a: no special abilities


You were on level 4 of the Dungeon.
You visited 1 branch of the dungeon, and saw 4 of its levels.

You collected 171 gold pieces.

Inventory:

Hand Weapons
 a - a +0 war axe (weapon)
 r - a +3 hunting sling
Missiles
 s - 56 stones (quivered)
Armour
 b - a +0 scale mail (worn)
 c - a +0 kite shield (worn)
Jewellery
 i - an amulet of magic regeneration (around neck)
 n - a ring of protection from fire
Scrolls
 e - a scroll of immolation {unknown}
 f - 2 scrolls of fear {unknown}
 h - 6 scrolls of identify {unknown}
 j - a scroll of enchant armour {unknown}
 l - a scroll of enchant weapon {unknown}
 m - a scroll of fog {unknown}
Potions
 d - a potion of might
 g - a potion of brilliance {unknown}
 k - a potion of curing {unknown}
 o - a potion of heal wounds {unknown}
 p - a potion of attraction {unknown}
 q - a potion of invisibility {unknown}


   Skills:
 + Level 4.3 Fighting
 + Level 4.7 Axes
 + Level 4.7 Armour
 + Level 1.1 Dodging
 + Level 0.2 Stealth
 + Level 4.0 Shields


You had 4 spell levels left.
You didn't know any spells.
Your spell library was empty.

Dungeon Overview and Level Annotations

Branches:
Dungeon (4/15)
 Temple: D:4-7

Altars:
Ashenzari
Cheibriados
Hepliaklqana
Xom

Shops:
D:2 :


Message History

The gnoll is lightly wounded.
You block the gnoll's attack. x2
You barely miss the gnoll.
The gnoll is lightly wounded.
You hit the iguana.
The gnoll hits you from afar with a +0 spear.
You block the gnoll's attack. The gnoll barely misses you. x2
The gnoll hits you but does no damage. The iguana barely misses you.
The gnoll barely misses you.
You hit the gnoll.
The gnoll is moderately wounded.
You slash the iguana! The gnoll hits you but does no damage.
The gnoll hits you from afar with a +0 spear.
The iguana bites you. The gnoll hits you with a +0 flail.
You hit the gnoll but do no damage.
The gnoll is moderately wounded.
You closely miss the iguana.
The gnoll hits you from afar with a +0 spear.
The gnoll barely misses you.
The iguana bites you but does no damage.
The gnoll hits you with a +0 flail.
The iguana bites you but does no damage.
The gnoll hits you from afar with a +0 spear.
The gnoll hits you but does no damage.
You slash the gnoll!
The gnoll is almost dead.
You barely miss the iguana. The gnoll hits you with a +0 flail!
The gnoll hits you from afar with a +0 spear.
* * * LOW HITPOINT WARNING * * *
The gnoll hits you from afar with a +0 spear.
* * * LOW HITPOINT WARNING * * *
The iguana barely misses you. You block the gnoll's attack.
You see here a giant cockroach corpse.
You block the gnoll's attack. The gnoll hits you but does no damage.
The iguana bites you.
* * * LOW HITPOINT WARNING * * *
There is a stone staircase leading up here.
You block the gnoll's attack. The iguana closely misses you.
The gnoll barely misses you. The gnoll hits you with a +0 flail.
You die...

## . #...........# ###. .
#.##.#.........# ....
..#.#..##....#...# .l..
.................#####
.g..####...................
#....##..##................
#........##.........<......
..###..##..................
#.....##..##>..@..........
#....†...####glg.......#..
.......##.....g.).......# .
.......#..............###
....................###
....#.##.#..........#
....#.####............
......# ...##.....#.... ...
.. ...###.....##....


You could see an iguana and 3 gnolls.

Vanquished Creatures
  An iguana (D:4)
  2 orc wizards (D:3)
  2 adders (D:2)
  3 river rats
  A dart slug (D:2)
  5 orcs (D:3)
  2 endoplasms
  2 giant cockroaches
  4 goblins
  9 hobgoblins
  4 quokkas
  6 ball pythons
  6 bats
  5 frilled lizards
  4 kobolds
  5 rats
61 creatures vanquished.

Vanquished Creatures (others)
  An orc wizard (D:3)
1 creature vanquished.

Grand Total: 62 creatures vanquished

Notes
Turn   | Place    | Note
-------+----------+-------------------------------------------
     0 | D:1      | omarspendo the Hill Orc Fighter began the quest for the
                  | Orb.
     0 | D:1      | Reached XP level 1. HP: 19/19 MP: 1/1
   328 | D:1      | Reached XP level 2. HP: 25/27 MP: 2/2
  1001 | D:2      | Reached XP level 3. HP: 32/33 MP: 3/3
  1011 | D:2      | Found Woekoshro's Book Boutique.
  1411 | D:2      | Found a faded altar of an unknown god.
  2236 | D:3      | Found a broken altar of Ashenzari.
  2450 | D:3      | Reached XP level 4. HP: 35/40 MP: 4/4
  2606 | D:3      | Found a hazy altar of Hepliaklqana.
  2644 | D:3      | Found a snail-covered altar of Cheibriados.
  2867 | D:3      | Found a shimmering altar of Xom.
  3140 | D:3      | Reached skill level 1 in Dodging
  3140 | D:3      | Reached XP level 5. HP: 37/46 MP: 5/5
  5146 | D:4      | Slain by a gnoll

Illustrated notes

Levels and vault maps discovered:
D:1:      dpeg_arrival_fog, layout_loops_ring
D:2:      layout_loops_ring, serial_shops, nicolae_diamond_shop,
          shapermc_ecumenical_altar_notcrosses, kennysheep_generic_room_6
D:3:      layout_basic, mainiacjoe_overflow_paths, tgw_xom,
          mainiacjoe_overflow_two_lobes, gup_sewer_entry_bowl
D:4:      layout_cave_pools, minmay_temple_entry_gardened_gates,
          eino_tiny_chamber

Skill      XL: |  1  2  3  4  5 |
---------------+----------------+-----
Axes           | 3 4 |  4.7
Fighting       | 4 |  4.3
Armour         | 4 |  4.7
Dodging        | 1 |  1.1
Shields        | 4 |  4.0
Stealth        | |  0.2

Action                   |  1- 3 |  4- 6 || total
-------------------------+-------+-------++-------
Melee: War axe           |    99 |   137 ||   236
Armor: Scale mail        |    58 |    62 ||   120
Dodge: Dodged            |    31 |    47 ||    78
Block: Kite shield       |    51 |    59 ||   110
